 Dungeon Crawl Stone Soup version 0.24-a0-378-g94936e539c (webtiles) character file.

Game seed: 8931907870785877398

790524 theanonym the Sniper (level 27, -15/211 HPs)
             Began as a Formicid Hunter on June 1, 2019.
             Was the Champion of Okawaru.
             Demolished by a lorocyproca (41 damage)
             ... on level 10 of a ziggurat.
             The game lasted 03:23:31 (79089 turns).

theanonym the Sniper (Formicid Hunter)             Turns: 79089, Time: 03:23:32

Health: -15/211    AC: 43    Str: 37      XL:     27
Magic:  26/41      EV: 15    Int: 16      God:    Okawaru [******]
Gold:   3218       SH: 20    Dex:  8 (9)  Spells: 36/54 levels left

rFire    + + +     SeeInvis +   a - +8 triple crossbow (flame)
rCold    + + .     Gourm    .   P - +0 shield of the Lily {rN+++ Int-4 Dex-5 Stlth+}
rNeg     + + +     Faith    .   j - +9 scales of the Dragon King {rPois rF+ rC+ MR+}
rPois    +         Spirit   .   (helmet unavailable)
rElec    +         Reflect  .   s - +1 cloak of the Hidden Spirits {rElec rCorr Stlth+}
rCorr    +         Harm     .   o - +2 pair of gloves {archery}
MR       ++++.                  R - +4 pair of boots of the Pit {Int+5}
Stlth    ..........             O - amulet of regeneration
HPRegen  1.85/turn              X - ring of Beppuojaj {rElec rF+ rN+ Str+3 Dex-5}
MPRegen  0.27/turn              g - ring "Ezu Rer" {*Drain rF+ rC+ MR+ Int+3 Dex+8}

@: mighty, lethally poisoned (-15 -> -15), heroism, finesse, sap magic,
regenerating, magic sapped
A: permanent stasis, dig shafts and tunnels, four strong arms, antennae 3,
blurry vision 1, deformed body, deterioration 1, frail 1, subdued magic 1
}: 5/15 runes: serpentine, barnacled, slimy, silver, abyssal
a: Dig, Shaft Self, Heroism, Finesse, Renounce Religion


Innate Abilities, Weirdness & Mutations

You cannot be hasted, slowed, berserked, paralysed or teleported.
You can dig through walls and to a lower floor.
Your four strong arms can wield two-handed weapons with a shield.
You have a pair of large antennae on your head. (SInv)
Scrolls take you a little longer to read.
Armour fits poorly on your strangely shaped body.
Your body sometimes deteriorates upon taking damage.
You are frail. (-10% HP)
Your spells are a little easier to cast, but a little less powerful.


   Skills:
 + Level 23.3(27) Fighting
   Level 10.0(15.0) Short Blades
 - Level 26.0(27) Crossbows
 - Level 22.2(27) Armour
 - Level 11.3(16.3) Dodging
 - Level 1.2(6.2) Stealth
 - Level 25.0(27) Shields
 + Level 14.2 Spellcasting
 - Level 9.1 Hexes
 + Level 14.1 Charms
 - Level 7.0 Necromancy
 - Level 8.0 Translocations
 + Level 12.0 Air Magic
 - Level 15.0 Invocations


You had 36 spell levels left.
You knew the following spells:

 Your Spells              Type           Power        Failure   Level  Hunger
a - Portal Projectile     Hex/Tloc       ####..       8%          3    None
q - Apportation           Tloc           ####..       4%          1    None
r - Regeneration          Chrm/Necr      ####......   4%          3    None
t - Deflect Missiles      Chrm/Air       #####.....   36%         6    ######.
x - Aura of Abjuration    Summ           #.........   100%        5    ####...

Your spell library contained the following spells:

 Spells                   Type           Power        Failure   Level  Hunger
 Swiftness                Chrm/Air       #####...     1%          2    None
 Confusing Touch          Hex            ####..       3%          1    None
 Corona                   Hex            ####...      3%          1    None
 Slow                     Hex            ####....     4%          2    None
 Animate Skeleton         Necr           N/A          6%          1    None
 Confuse                  Hex            ####....     7%          3    None
 Tukima's Dance           Hex            ####....     7%          3    None
 Airstrike                Air            #####.....   7%          4    ##.....
 Shock                    Conj/Air       ###.         8%          1    None
 Corpse Rot               Necr           N/A          8%          2    None
 Sublimation of Blood     Necr           ####......   8%          2    None
 Gell's Gravitas          Tloc           ####......   10%         3    None
 Lesser Beckoning         Tloc           ####......   10%         3    None
 Poisonous Vapours        Pois/Air       ###...       11%         2    None
 Ensorcelled Hibernation  Hex/Ice        ###...       16%         2    None
 Cause Fear               Hex            ####......   16%         4    ##.....
 Static Discharge         Conj/Air       ###.....     17%         3    None
 Excruciating Wounds      Chrm/Necr      ####......   22%         5    ####...
 Silence                  Hex/Air        ####......   22%         5    ####...
 Dazzling Spray           Conj/Hex       ###...       26%         3    None
 Inner Flame              Hex/Fire       ###.....     26%         3    None
 Summon Guardian Golem    Hex/Summ       ###.....     26%         3    None
 Animate Dead             Necr           N/A          30%         4    ##.....
 Mephitic Cloud           Conj/Pois/Air  ###.....     32%         3    None
 Recall                   Summ/Tloc      N/A          32%         3    None
 Summon Lightning Spire   Summ/Air       ###.....     38%         4    ##.....
 Flame Tongue             Conj/Fire      #....        45%         1    None
 Magic Dart               Conj           #...         45%         1    None
 Sandblast                Erth           #.....       45%         1    None
 Summon Butterflies       Summ           #.......     45%         1    None
 Summon Small Mammal      Summ           #...         45%         1    None
 Call Imp                 Summ           #.......     56%         2    None
 Passwall                 Tmut/Erth      #.......     56%         2    None
 Searing Ray              Conj           #.....       56%         2    None
 Throw Flame              Conj/Fire      #.....       56%         2    None
 Fulminant Prism          Conj/Hex       ###.......   56%         4    ##.....
 Leda's Liquefaction      Hex/Erth       ###.......   56%         4    ##.....
 Agony                    Necr           ####....     58%         5    ####...
 Dispel Undead            Necr           ####....     58%         5    ####...
 Force Lance              Conj/Tloc      ###.....     63%         4    ##.....
 Lightning Bolt           Conj/Air       ###.......   69%         5    ####...
 Call Canine Familiar     Summ           #.......     77%         3    None
 Conjure Flame            Conj/Fire      #.......     77%         3    None
 Ignite Poison            Fire/Tmut/Pois #.......     77%         3    None
 Stone Arrow              Conj/Erth      #.....       77%         3    None
 Invisibility             Hex            ####....     83%         6    ######.
 Metabolic Englaciation   Hex/Ice        ###.......   86%         5    ####...
 Summon Mana Viper        Hex/Summ       ###.....     86%         5    ####...
 Yara's Violent Unravell  Hex/Tmut       ###.......   86%         5    ####...
 Summon Forest            Summ/Tloc      ###.......   90%         5    ####...
 Bolt of Draining         Conj/Necr      ###.......   94%         5    ####...
 Borgnjor's Vile Clutch   Necr/Erth      ###.......   94%         5    ####...
 Death Channel            Necr           ####......   97%         6    ######.
 Iskenderun's Mystic Bla  Conj           #.......     98%         4    ##.....
 Petrify                  Tmut/Erth      #.......     98%         4    ##.....
 Sticky Flame             Conj/Fire      #.......     98%         4    ##.....
 Summon Ice Beast         Ice/Summ       #.......     98%         4    ##.....
 Throw Icicle             Conj/Ice       #.......     98%         4    ##.....
 Conjure Ball Lightning   Conj/Air       ###.......   99%         6    ######.
 Alistair's Intoxication  Tmut/Pois      #.......     100%        5    ####...
 Fireball                 Conj/Fire      #.........   100%        5    ####...
 Irradiate                Conj/Tmut      #.........   100%        5    ####...
 Lee's Rapid Deconstruct  Erth           #.........   100%        5    ####...
 Summon Demon             Summ           #.........   100%        5    ####...
 Bolt of Fire             Conj/Fire      #.........   100%        6    ######.
 Freezing Cloud           Conj/Ice/Air   ###.......   100%        6    ######.
 Hydra Form               Tmut           #.........   100%        6    ######.
 Shadow Creatures         Summ           N/A          100%        6    ######.
 Simulacrum               Ice/Necr       ###.......   100%        6    ######.
 Statue Form              Tmut/Erth      #........    100%        6    ######.
 Dragon Form              Tmut           #.........   100%        7    #######
 Malign Gateway           Summ/Tloc      ###.......   100%        7    #######
 Monstrous Menagerie      Summ           #.........   100%        7    #######
 Ring of Flames           Chrm/Fire      ####......   100%        7    #######
 Spellforged Servitor     Conj/Summ      #.........   100%        7    #######
 Summon Greater Demon     Summ           #.........   100%        7    #######
 Summon Hydra             Summ           #.........   100%        7    #######
 Discord                  Hex            ####......   100%        8    #######
 Infestation              Necr           ####......   100%        8    #######
 Summon Horrible Things   Summ           #.........   100%        8    #######
 Dragon's Call            Summ           #.........   100%        9    #######
 Tornado                  Air            #####.....   100%        9    #######

Skill      XL: |  1  2  3  4  5  6  7  8  9 10 11 12 13 14 15 16 17 18 19 20 21 22 23 24 25 26 27 |
---------------+----------------------------------------------------------------------------------+-----
Crossbows      | 5 6 7 8 9 10 11 12 13 14 15 17 18 19 20 21 22 26 | 26.0
Armour         | 2 3 4 6 8 11 13 15 16 17 18 19 20 21 22 | 22.2
Fighting       | 3 4 6 8 9 11 12 13 14 15 16 17 18 19 20 23 | 23.3
Invocations    | 3 5 7 9 10 12 13 14 15 | 15.0
Short Blades   | 2 6 9 10 | 10.0
Shields        | 3 4 5 8 10 11 12 13 14 15 16 17 19 20 21 25 | 25.0
Dodging        | 4 7 11 | 11.3
Hexes          | 9 |  9.1
Spellcasting   | 14 | 14.2
Translocations | 8 |  8.0
Charms         | 14 | 14.1
Necromancy     | 7 |  7.0
Air Magic      | 12 | 12.0
Stealth        | |  1.2

Action                   |  1- 3 |  4- 6 |  7- 9 | 10-12 | 13-15 | 16-18 | 19-21 | 22-24 | 25-27 || total
-------------------------+-------+-------+-------+-------+-------+-------+-------+-------+-------++-------
Melee: Dagger            |   108 |   130 |   743 |  1445 |  1145 |    19 |       |       |       ||  3590
       Short sword       |     8 |       |       |       |       |       |       |       |       ||     8
       Unarmed           |       |       |       |       |       |       |       |       |    30 ||    30
       Triple crossbow   |       |       |       |       |       |       |       |       |     3 ||     3
       Arbalest          |       |       |       |       |       |       |       |       |     2 ||     2
 Fire: Hand crossbow     |    16 |    34 |   135 |    82 |    95 |       |       |       |       ||   362
       Arbalest          |       |       |       |       |    26 |   630 |    76 |    37 |  1890 ||  2659
       Triple crossbow   |       |       |       |       |   335 |   296 |   593 |  1015 |  2295 ||  4534
Throw: Throwing net      |       |       |     3 |     7 |       |       |       |       |     2 ||    12
 Cast: Apportation       |       |       |       |       |       |       |       |       |   410 ||   410
       Regeneration      |       |       |       |       |       |       |       |       |    35 ||    35
       Deflect Missiles  |       |       |       |       |       |       |       |       |     4 ||     4
       Portal Projectile |       |       |       |       |       |       |       |       |     3 ||     3
Invok: Heroism           |       |       |     4 |    18 |    10 |    22 |    13 |    15 |    42 ||   124
       Finesse           |       |       |       |     1 |       |     1 |       |     2 |    11 ||    15
 Abil: Dig               |       |       |       |     4 |     4 |     7 |     7 |       |    11 ||    33
       Stop Flying       |       |       |       |       |       |       |       |       |     1 ||     1
Evoke: Wand              |       |       |     6 |     3 |       |       |     1 |       |     1 ||    11
  Use: Scroll            |       |     9 |    11 |    13 |     7 |    13 |    13 |     6 |    38 ||   110
       Potion            |       |     3 |     1 |       |       |     1 |     2 |     6 |    37 ||    50
 Stab: Sleeping          |     2 |     2 |       |       |       |       |       |       |       ||     4
       Held in net/web   |       |       |       |     3 |       |       |       |       |       ||     3
  Eat: Chunk             |     4 |     2 |    10 |    13 |    25 |    19 |     2 |    26 |    21 ||   122
       Ration            |       |     1 |     4 |     2 |     1 |     5 |     7 |       |    22 ||    42
Armor: Leather armour    |    28 |    16 |       |       |       |       |       |       |       ||    44
       Ring mail         |       |    47 |   123 |       |       |       |       |       |       ||   170
       Scale mail        |       |       |    94 |       |       |       |       |       |       ||    94
       Plate armour      |       |       |   150 |   601 |   614 |   294 |   290 |   297 |   329 ||  2575
       Gold dragon scale |       |       |       |       |       |       |       |       |   978 ||   978
Dodge: Dodged            |    76 |    83 |   403 |   330 |   390 |   204 |   164 |   180 |  1119 ||  2949
       Deflected         |       |       |       |       |       |       |       |       |    15 ||    15
Block: Buckler           |       |       |    29 |   176 |       |       |       |       |       ||   205
       Shield            |       |       |       |    61 |   762 |   412 |   276 |       |   152 ||  1663
       Large shield      |       |       |       |       |       |       |   201 |   863 |  3469 ||  4533
       Reflection        |       |       |       |       |       |       |    31 |    96 |    95 ||   222

Inventory:

Hand Weapons
 a - a +8 triple crossbow of flaming (weapon)
 b - the +6 arbalest "Damnation" {damnation}
 c - the +12 arbalest of the Unliving {penet, Str+4} Ammo fired by it will pass through the targets it hits, potentially hitting all targets in its path until it reaches maximum range. It affects your strength (+4).
 h - the +0 triple crossbow "Xosiwonk" {venom, rPois MR+ Dex+3}

   It poisons the ammo it fires.
   It affects your dexterity (+3).
   It protects you from poison.
   It affects your resistance to hostile enchantments.
Missiles
 A - 423 bolts (quivered)
Armour
 j - the +9 scales of the Dragon King (worn) {rPois rF+ rC+ MR+}

   It protects you from fire.
   It protects you from cold.
   It protects you from poison.
   It affects your resistance to hostile enchantments.
 k - the +2 plate armour of the Thinker {Regen+}

   It increases your rate of regeneration.
 o - a +2 pair of gloves of archery (worn)
 s - the +1 cloak of the Hidden Spirits (worn) {rElec rCorr Stlth+}

   It insulates you from electricity.
   It provides partial protection from all sources of acid and corrosion.
   It makes you more stealthy.
 F - a +7 large shield of reflection
 G - the +2 cloak of Disaster {Slay+6}

   It affects your accuracy and damage with ranged weapons and melee attacks
   (+6).
 P - the +0 shield of the Lily (worn) {rN+++ Int-4 Dex-5 Stlth+}

   It affects your intelligence (-4).
   It affects your dexterity (-5).
   It renders you almost immune to negative energy.
   It makes you more stealthy.
 R - the +4 pair of boots of the Pit (worn) {Int+5}

   It affects your intelligence (+5).
 Z - a scarf of resistance
Jewellery
 g - the ring "Ezu Rer" (right hand) {*Drain rF+ rC+ MR+ Int+3 Dex+8}

   [ring of protection from cold]

   It affects your intelligence (+3).
   It affects your dexterity (+8).
   It protects you from fire.
   It protects you from cold.
   It affects your resistance to hostile enchantments.
   It causes draining when unequipped.
 B - the ring "Bupufoqu" {rElec rC+ Int+3 SInv}

   [ring of protection from cold]

   It affects your intelligence (+3).
   It protects you from cold.
   It insulates you from electricity.
   It lets you see invisible.
 L - an uncursed ring of resist corrosion
 O - an amulet of regeneration (around neck)
 S - the ring of Yvvikusy {+Blink rC+ Str+4}

   [ring of protection from cold]

   It affects your strength (+4).
   It protects you from cold.
   It lets you blink.
 X - the ring of Beppuojaj (left hand) {rElec rF+ rN+ Str+3 Dex-5}

   [ring of positive energy]

   It affects your strength (+3).
   It affects your dexterity (-5).
   It protects you from fire.
   It insulates you from electricity.
   It protects you from negative energy.
Wands
 d - a wand of digging (34)
 v - a wand of acid (6)
Scrolls
 f - 11 scrolls of fog
 n - 28 scrolls of remove curse
 p - 2 scrolls of brand weapon
 r - 14 scrolls of identify
 y - 6 scrolls of magic mapping
 D - 6 scrolls of fear
 H - 3 scrolls of holy word
 N - 8 scrolls of immolation
 W - 7 scrolls of summoning
 Y - 6 scrolls of silence
Potions
 i - 3 potions of flight
 l - 9 potions of mutation
 m - 4 potions of might
 q - 5 potions of heal wounds
 u - 8 potions of lignification
 w - 15 potions of curing
 C - 6 potions of ambrosia
 Q - 7 potions of magic
 V - 4 potions of cancellation
Miscellaneous
 E - a lamp of fire
 K - 3 phantom mirrors
 M - a phial of floods
Comestibles
 e - 86 rations


You were on level 10 of a ziggurat.
You worshipped Okawaru.
Okawaru was exalted by your worship.
You were not hungry.

You visited 12 branches of the dungeon, and saw 58 of its levels.
You visited the Abyss 2 times.
You visited 1 ziggurat, and saw 10 of its levels.
You also visited: Ice Cave and Wizlab.

You collected 9502 gold pieces.
You spent 6284 gold pieces at shops.

Dungeon Overview and Level Annotations

Branches:
Dungeon (15/15)            Temple (1/1) D:5            Lair (6/6) D:9
 Shoals (4/4) Lair:3        Snake (4/4) Lair:3        Slime (5/5) Lair:5
    Orc (2/2) D:12            Elf (3/3) Orc:2        Vaults (5/5) D:14
  Crypt (3/3) Vaults:3       Tomb (0/3) Crypt:3      Depths (5/5) D:15
    Zot (5/5) Depths:5

Altars:
Ashenzari
Cheibriados
Dithmenos
Elyvilon
Fedhas
Gozag
Hepliaklqana
Kikubaaqudgha
Makhleb
Nemelex Xobeh
Okawaru
Qazlal
Ru
Sif Muna
Trog
Uskayaw
Vehumet
Wu Jian
Xom
Yredelemnul
Zin
The Shining One
Jiyva

Shops:
D:5 ?   D:8 =   D:9 :[=   D:13 ?   Orc:1 (   Orc:2 =:(?   Elf:3 (   Shoals:2 :
Snake:1 =}=   Vaults:3 [}   Vaults:4 (   Vaults:5 }=!?

Portals:
Hell: Depths:1 Depths:2 Depths:3 Depths:4 Depths:5
Abyss: Depths:2 Depths:4
Pandemonium: Depths:2 Depths:3

Annotations:
Zot:5 1 exclusion

▓▓ ▓.........▓
▓▓▓.........▓▓▓▓▓▓
.................▓
)................▓
(................▓
).......1........▓
1......626......∩▓
|.....1[@6.......▓
)......222.......▓
........(........▓
.................▓
▓▓▓.........▓▓▓▓▓▓
▓.....(...▓
▓▓▓▓▓▓▓▓▓▓▓


You could see 2 Brimstone Fiends, an infernal warmonger, a lorocyproca
(invisible), a green death, a blizzard demon, an infernal demonspawn, a
torturous demonspawn and a hellion.

Notes
Turn   | Place    | Note
-------+----------+-------------------------------------------
     0 | D:1      | theanonym the Formicid Hunter began the quest for the Orb.
     0 | D:1      | Reached XP level 1. HP: 16/16 MP: 1/1
    59 | D:1      | HP: 6/16 [hobgoblin/+0 club (7)]
   364 | D:1      | HP: 6/16 [kobold/cursed -3 club (3)]
   368 | D:1      | Reached XP level 2. HP: 8/22 MP: 2/2
   371 | D:1      | HP: 7/22 [kobold/+0 short sword (2)]
   450 | D:1      | HP: 11/22 [rat (1)]
  1048 | D:1      | Reached XP level 3. HP: 27/27 MP: 3/3
  1540 | D:2      | Reached skill level 5 in Crossbows
  1678 | D:2      | HP: 13/27 [poisoned by an adder]
  1683 | D:2      | HP: 10/27 [poisoned by an adder]
  1688 | D:2      | HP: 9/27 [poisoned by an adder]
  1696 | D:2      | HP: 7/27 [poisoned by an adder]
  1704 | D:2      | HP: 6/27 [poisoned by an adder]
  2128 | D:2      | Reached XP level 4. HP: 27/33 MP: 4/4
  2986 | D:3      | Noticed Grinder
  3069 | D:3      | Reached skill level 6 in Crossbows
  3069 | D:3      | Reached XP level 5. HP: 38/38 MP: 5/5
  3152 | D:3      | HP: 18/38 [Grinder (5)]
  3158 | D:3      | HP: 7/38 [Grinder (7)]
  3159 | D:3      | Killed Grinder
  3159 | D:3      | Reached skill level 7 in Crossbows
  3159 | D:3      | Reached XP level 6. HP: 6/44 MP: 6/6
  3569 | D:3      | Reached XP level 7. HP: 40/50 MP: 7/7
  3646 | D:3      | Found a faded altar of an unknown god.
  3730 | D:3      | Reached skill level 8 in Crossbows
  3748 | D:3      | HP: 25/50 [gnoll/+0 club (8)]
  4559 | D:4      | Reached skill level 1 in Armour
  5074 | D:4      | Found a shattered altar of Ashenzari.
  5074 | D:4      | Found a hide-covered altar of Uskayaw.
  5317 | D:5      | Entered Level 5 of the Dungeon
  5334 | D:5      | Noticed a wyvern
  5338 | D:5      | Reached skill level 3 in Fighting
  5346 | D:5      | Killed a wyvern
  5346 | D:5      | Reached skill level 2 in Armour
  5346 | D:5      | Reached XP level 8. HP: 33/58 MP: 8/8
  5543 | D:5      | Found a staircase to the Ecumenical Temple.
  5552 | Temple   | Entered the Ecumenical Temple
  5630 | Temple   | Became a worshipper of Warmaster Okawaru
  5657 | Temple   | HP: 27/60 [worker ant (4)]
  5662 | Temple   | HP: 19/60 [poisoned by a worker ant]
  5672 | Temple   | HP: 21/60 [worker ant (1)]
  5680 | Temple   | HP: 20/60 [worker ant (1)]
  5685 | Temple   | HP: 11/60 [worker ant (4)]
  5690 | D:5      | HP: 7/60 [poisoned by a worker ant]
  5696 | D:5      | HP: 5/60 [poisoned by a worker ant]
  5702 | D:5      | HP: 5/60 [poisoned by a worker ant]
  5710 | D:5      | HP: 4/60 [poisoned by a worker ant]
  5817 | Temple   | HP: 23/60 [crimson imp (2)]
  5830 | Temple   | HP: 22/60 [crimson imp (3)]
  5838 | Temple   | HP: 21/60 [crimson imp (3)]
  5840 | Temple   | Reached skill level 3 in Armour
  6052 | D:5      | Reached skill level 4 in Fighting
  6087 | D:5      | Found Qirolare's Magic Scroll Shoppe.
  6100 | D:5      | Reached skill level 1 in Invocations
  6475 | D:5      | Reached skill level 9 in Crossbows
  6521 | D:5      | Found a burning altar of Makhleb.
  6521 | D:5      | Noticed a blizzard demon
  6713 | D:5      | HP: 28/60 [gnoll/+0 spear (4)]
  6721 | D:5      | HP: 25/60 [gnoll (4)]
  7104 | D:5      | Reached skill level 2 in Invocations
  7118 | D:5      | HP: 28/61 [orc wizard/magic dart (6)]
  7327 | D:5      | Found a runed translucent door.
  7328 | D:5      | Noticed Crazy Yiuf
  7857 | D:6      | Reached * piety under Okawaru
  7857 | D:6      | Reached skill level 1 in Short Blades
  7857 | D:6      | HP: 30/61 [poisoned by a worker ant]
  7863 | D:6      | HP: 28/61 [poisoned by a worker ant]
  7870 | D:6      | HP: 26/61 [poisoned by a worker ant]
  7877 | D:6      | HP: 25/61 [poisoned by a worker ant]
  7885 | D:6      | HP: 25/61 [poisoned by a worker ant]
  8128 | D:6      | Reached skill level 2 in Short Blades
  8596 | D:5      | Killed Crazy Yiuf
  8596 | D:5      | Reached skill level 3 in Invocations
  8803 | D:6      | Reached XP level 9. HP: 66/66 MP: 11/11
  8913 | D:6      | Reached skill level 3 in Short Blades
  9051 | D:6      | HP: 25/66 [orc warrior/+0 mace (12)]
  9286 | D:6      | Reached skill level 4 in Short Blades
  9286 | D:6      | Reached skill level 4 in Armour
  9286 | D:6      | Reached skill level 4 in Invocations
 10234 | D:5      | Bought a scroll of identify for 24 gold pieces
 10404 | D:7      | Reached skill level 5 in Short Blades
 10423 | D:7      | HP: 31/66 [acid (4)]
 10431 | D:7      | Reached skill level 1 in Shields
 10590 | D:7      | Reached skill level 5 in Invocations
 10614 | D:7      | Reached skill level 2 in Shields
 10814 | D:7      | Reached skill level 6 in Short Blades
 10914 | D:7      | Reached ** piety under Okawaru
 11092 | D:8      | Reached skill level 3 in Shields
 11140 | D:8      | Reached XP level 10. HP: 72/73 MP: 13/13
 11246 | D:8      | Reached skill level 7 in Short Blades
 11246 | D:8      | Reached skill level 4 in Shields
 11358 | D:8      | Found Liannuism's Jewellery Boutique.
 11361 | D:8      | Found a snail-covered altar of Cheibriados.
 11470 | D:8      | HP: 33/73 [orc warrior/+0 short sword (8)]
 11536 | D:8      | Noticed a two-headed ogre
 11544 | D:8      | Reached skill level 5 in Armour
 11548 | D:8      | Killed a two-headed ogre
 11548 | D:8      | Reached skill level 5 in Fighting
 11548 | D:8      | Reached skill level 8 in Short Blades
 11805 | D:9      | meem: I am meem, an upgrade of beem built by MalcolmRose
                  | (check out Malcolm's DCSS vids and other projects at
                  | http://youtube.com/malcolmrosegaming). To have me follow
                  | you in your games, type !subscribemeem - to make me go away
                  | forever, type !quitmeem - For help, type: !meem
 11832 | D:8      | theanonym: !subscribemeem
 11832 | D:8      | meem: Subscribed. I will never ban you, give you up, let
                  | you down, run around, or desert you. I will now watch all
                  | games of user theanonym
 11834 | D:8      | theanonym: !stats fohu
 11898 | D:9      | meem: Starting stats for FoHu: Str 16 Int 10 Dex 11. Stat
                  | gain: si/4
 11901 | D:9      | beem: Starting stats for FoHu: Str 16 Int 10 Dex 11. Stat
                  | gain: si/4
 11947 | D:8      | Reached *** piety under Okawaru
 12023 | D:9      | Found Huycent's Jewellery Boutique.
 12122 | D:9      | Noticed an orange crystal statue
 12234 | D:9      | Reached skill level 6 in Fighting
 12234 | D:9      | Reached skill level 6 in Armour
 12257 | D:9      | Received a gift from Okawaru
 12257 | D:9      | Reached skill level 9 in Short Blades
 12348 | D:9      | Reached XP level 11. HP: 81/81 MP: 14/14
 12411 | D:9      | Noticed a two-headed ogre
 12415 | D:9      | Killed a two-headed ogre
 12415 | D:9      | Reached **** piety under Okawaru
 12650 | D:9      | Found Ycvyeso's Book Boutique.
 12734 | D:9      | Found a hazy altar of Hepliaklqana.
 12734 | D:9      | Found a glowing golden altar of the Shining One.
 12770 | D:9      | Found a staircase to the Lair.
 12915 | D:9      | Found Gaalut's Armour Shoppe.
 12966 | D:10     | Entered Level 10 of the Dungeon
 12973 | D:10     | Noticed Urug
 13000 | D:10     | HP: 40/83 [Urug/+4 broad axe of flaming (22)]
 13386 | D:10     | Killed Urug
 13386 | D:10     | Received a gift from Okawaru
 14180 | Lair:1   | Entered Level 1 of the Lair of Beasts
 14201 | Lair:1   | Reached skill level 7 in Fighting
 14393 | Lair:1   | Reached skill level 10 in Short Blades
 14393 | Lair:1   | Reached skill level 7 in Armour
 14413 | Lair:1   | Reached skill level 10 in Crossbows
 14679 | Lair:1   | Reached ***** piety under Okawaru
 14687 | Lair:1   | Found an ornate altar of the Wu Jian Council.
 14754 | Lair:1   | Found a snail-covered altar of Cheibriados.
 14780 | Lair:1   | Reached skill level 8 in Armour
 14866 | Lair:1   | Received a gift from Okawaru
 15071 | Lair:2   | Reached skill level 8 in Fighting
 15118 | Lair:2   | Reached XP level 12. HP: 91/92 MP: 15/15
 15122 | Lair:2   | Reached skill level 9 in Armour
 15380 | Lair:2   | HP: 46/94 [wolf (6)]
 15391 | Lair:2   | HP: 46/94 [hell rat (6)]
 15397 | Lair:2   | HP: 42/94 [basilisk (8)]
 15687 | Lair:2   | Reached skill level 10 in Armour
 15860 | Lair:2   | Reached skill level 9 in Fighting
 16293 | Lair:3   | Noticed a death yak
 16294 | Lair:3   | Found a staircase to the Shoals.
 16294 | Lair:3   | Noticed a death yak
 16351 | Lair:3   | Killed a death yak
 16351 | Lair:3   | Reached skill level 11 in Armour
 16416 | Lair:3   | Killed a death yak
 16429 | Lair:3   | Reached skill level 5 in Shields
 16502 | Lair:3   | Identified the +5 hand crossbow of Quacloqu {elec, Stlth+}
                  | (You found it on level 3 of the Lair of Beasts)
 16771 | Lair:3   | Found a staircase to the Snake Pit.
 16813 | Lair:3   | Reached XP level 13. HP: 98/103 MP: 16/16
 16882 | Lair:3   | Reached skill level 10 in Fighting
 16886 | Lair:3   | Reached skill level 12 in Armour
 16938 | Lair:3   | Received a gift from Okawaru
 16938 | Lair:3   | Reached skill level 6 in Shields
 17632 | Lair:3   | Received a gift from Okawaru
 17705 | Lair:3   | Found the +6 arbalest "Damnation" {damnation}
 17707 | Lair:3   | Noticed a seven-headed hydra
 17721 | Lair:3   | Killed a seven-headed hydra
 17721 | Lair:3   | Reached skill level 7 in Shields
 17861 | Lair:4   | Received a gift from Okawaru
 17919 | Lair:4   | Reached skill level 13 in Armour
 17929 | Lair:4   | Received a gift from Okawaru
 17989 | Lair:4   | Reached skill level 11 in Fighting
 18143 | Lair:4   | Reached skill level 8 in Shields
 18145 | Lair:4   | Reached ****** piety under Okawaru
 18145 | Lair:4   | Received a gift from Okawaru
 18146 | Lair:4   | Got a shimmering triple crossbow {god gift}
 18147 | Lair:4   | Identified the +0 triple crossbow "Xosiwonk" {venom, rPois
                  | MR+ Dex+3} (Okawaru gifted it to you on level 4 of the Lair
                  | of Beasts)
 18644 | Lair:5   | Found a runed translucent door.
 18644 | Lair:5   | Found a viscous altar of Jiyva.
 18647 | Lair:5   | Found a staircase to the Slime Pits.
 18720 | Lair:5   | Reached XP level 14. HP: 103/113 MP: 17/17
 18848 | Lair:5   | Found a frozen archway.
 18853 | Lair:5   | Reached skill level 14 in Armour
 18870 | IceCv    | Entered an ice cave
 19082 | IceCv    | HP: 44/113 [death yak (18)]
 19087 | IceCv    | Received a gift from Okawaru
 19143 | IceCv    | Reached skill level 9 in Shields
 19300 | IceCv    | Received a gift from Okawaru
 19485 | IceCv    | Noticed a frost giant
 19511 | IceCv    | Received a gift from Okawaru
 19515 | IceCv    | HP: 55/114 [frost giant/bolt of cold (15)]
 19519 | IceCv    | Killed a frost giant
 19650 | IceCv    | Got a coiled jade ring
 19697 | IceCv    | Identified the ring of Yvvikusy {+Blink rC+ Str+4} (You
                  | found it in an ice cave)
 19801 | Lair:5   | You are sucked into a shaft and drop 1 floor!
 19801 | Lair:6   | Entered Level 6 of the Lair of Beasts
 19901 | Lair:6   | Reached skill level 12 in Fighting
 19951 | Lair:6   | Reached skill level 15 in Armour
 20117 | Lair:6   | Reached skill level 11 in Crossbows
 20117 | Lair:6   | Reached skill level 10 in Shields
 20588 | Lair:5   | Received a gift from Okawaru
 20588 | Lair:5   | Reached XP level 15. HP: 115/121 MP: 18/18
 21060 | Lair:6   | Received a gift from Okawaru
 22086 | Lair:6   | Reached skill level 11 in Shields
 22392 | Lair:6   | Reached skill level 16 in Armour
 22604 | Lair:6   | Reached skill level 13 in Fighting
 24060 | D:11     | You are sucked into a shaft and drop 2 floors!
 24119 | D:13     | Received a gift from Okawaru
 24147 | D:13     | Found Raomasay's Magic Scroll Shoppe.
 24239 | D:12     | Received a gift from Okawaru
 24334 | D:12     | Reached skill level 12 in Crossbows
 24409 | D:12     | Found a staircase to the Orcish Mines.
 25027 | D:11     | Received a gift from Okawaru
 25610 | D:11     | Received a gift from Okawaru
 25960 | D:11     | Reached XP level 16. HP: 131/131 MP: 19/19
 26380 | D:12     | You are sucked into a shaft and drop 1 floor!
 26412 | D:13     | Bought a scroll of acquirement for 676 gold pieces
 26412 | D:13     | Bought a scroll of identify for 26 gold pieces
 26412 | D:13     | Bought a scroll of identify for 26 gold pieces
 26412 | D:13     | Bought a scroll of summoning for 123 gold pieces
 26497 | D:8      | Bought the ring of Beppuojaj {rElec rF+ rN+ Str+3 Dex-5}
                  | for 441 gold pieces
 27187 | D:13     | Reached skill level 12 in Shields
 27540 | D:14     | Noticed a sphinx
 27541 | D:14     | Noticed a tengu reaver
 27543 | D:14     | Noticed a tengu reaver
 27548 | D:14     | Killed a sphinx
 27548 | D:14     | Received a gift from Okawaru
 27560 | D:14     | Killed a tengu reaver
 27560 | D:14     | Killed a tengu reaver
 27560 | D:14     | Received a gift from Okawaru
 27560 | D:14     | Reached skill level 6 in Invocations
 27560 | D:14     | HP: 47/132 [shot self (23)]
 27717 | D:14     | Got a translucent cloak
 27727 | D:14     | Identified the +2 cloak of Disaster {Slay+6} (You found it
                  | on level 14 of the Dungeon)
 27835 | D:14     | Found a gate to the Vaults.
 28261 | D:14     | Identified the +12 arbalest of the Unliving {penet, Str+4}
                  | (Okawaru gifted it to you on level 14 of the Dungeon)
 28277 | D:15     | Entered Level 15 of the Dungeon
 28285 | D:15     | Received a gift from Okawaru
 28298 | D:15     | Identified the +1 cloak of the Hidden Spirits {rElec rCorr
                  | Stlth+} (Okawaru gifted it to you on level 15 of the
                  | Dungeon)
 28372 | D:15     | Reached skill level 7 in Invocations
 28428 | D:15     | Reached skill level 13 in Crossbows
 28496 | D:15     | Reached skill level 14 in Fighting
 28581 | D:15     | Learned a level 1 spell: Apportation
 28585 | D:15     | Learned a level 3 spell: Portal Projectile
 28592 | D:15     | Learned a level 6 spell: Deflect Missiles
 28612 | D:15     | Noticed Jorgrun
 28619 | D:15     | Killed Jorgrun
 28736 | D:15     | Found a staircase to the Depths.
 28844 | D:15     | Reached XP level 17. HP: 118/139 MP: 22/22
 29055 | D:15     | Got a glittering platinum ring
 29056 | D:15     | Identified the ring "Bupufoqu" {rElec rC+ Int+3 SInv} (You
                  | found it on level 15 of the Dungeon)
 29211 | Orc:1    | Entered Level 1 of the Orcish Mines
 29316 | Orc:1    | Found Xyvob's Weapon Boutique.
 29325 | Orc:1    | Reached skill level 13 in Shields
 29366 | Orc:1    | Reached skill level 17 in Armour
 29682 | Orc:2    | Entered Level 2 of the Orcish Mines
 29747 | Orc:2    | Found a staircase to the Elven Halls.
 29888 | Orc:2    | Reached skill level 8 in Invocations
 29891 | Orc:2    | Received a gift from Okawaru
 29992 | Orc:2    | Got a scorched cloak {god gift}
 29997 | Orc:2    | Identified the +0 cloak "Wudu" {*Corrode MR+ Str+3 Dex+2}
                  | (Okawaru gifted it to you on level 2 of the Orcish Mines)
 30034 | Orc:2    | Found Enliti's Jewellery Shop.
 30034 | Orc:2    | Found Bidakep's Magic Scroll Shoppe.
 30036 | Orc:2    | Found Opoq's Book Shop.
 30036 | Orc:2    | Found Lasexozo's Weapon Shoppe.
 30694 | D:9      | Bought the +6 plate armour of Gostraej {+Inv rCorr} for 871
                  | gold pieces
 30812 | Shoals:1 | Entered Level 1 of the Shoals
 30823 | Shoals:1 | HP: 68/140 [faun/+0 club (6)]
 30826 | Lair:3   | HP: 29/140 [manticore (10)]
 30836 | Lair:3   | HP: 45/140 [harpy (4)]
 31106 | Shoals:1 | Reached skill level 14 in Crossbows
 31406 | Shoals:1 | Noticed a kraken
 31416 | Shoals:1 | Killed a kraken
 31416 | Shoals:1 | Reached skill level 9 in Invocations
 31781 | Shoals:1 | Received a gift from Okawaru
 32275 | Shoals:2 | Received a gift from Okawaru
 32292 | Shoals:2 | Reached XP level 18. HP: 142/148 MP: 24/24
 32298 | Shoals:2 | Received a gift from Okawaru
 32742 | Shoals:2 | Found Weliem's Book Shoppe.
 32982 | Shoals:3 | Received a gift from Okawaru
 33050 | Shoals:3 | Noticed a kraken
 33055 | Shoals:3 | HP: 74/148 [tentacle[a kraken] (11)]
 33060 | Shoals:3 | HP: 41/148 [tentacle[a kraken] (7)]
 33061 | Shoals:3 | Killed a kraken
 33848 | Shoals:4 | Entered Level 4 of the Shoals
 34071 | Shoals:4 | Reached skill level 15 in Fighting
 34071 | Shoals:4 | Reached skill level 14 in Shields
 34147 | Shoals:4 | HP: 56/149 [alligator snapping turtle (32)]
 34307 | Shoals:4 | Reached skill level 15 in Crossbows
 34312 | Shoals:4 | Reached skill level 10 in Invocations
 34488 | Shoals:4 | HP: 74/149 [poisoned by a sea snake]
 34493 | Shoals:4 | HP: 68/149 [poisoned by a sea snake]
 34498 | Shoals:4 | HP: 65/149 [poisoned by a merfolk impaler]
 34503 | Shoals:4 | HP: 62/149 [poisoned by a merfolk impaler]
 34506 | Shoals:4 | Got a barnacled rune of Zot
 34508 | Shoals:4 | HP: 59/149 [poisoned by a merfolk impaler]
 34514 | Shoals:4 | HP: 58/149 [poisoned by a merfolk impaler]
 34520 | Shoals:4 | HP: 59/149 [poisoned by a merfolk impaler]
 34525 | Shoals:4 | HP: 60/149 [poisoned by a merfolk impaler]
 34532 | Shoals:4 | HP: 63/149 [poisoned by a merfolk impaler]
 34540 | Shoals:4 | HP: 67/149 [poisoned by a merfolk impaler]
 34840 | Shoals:4 | Received a gift from Okawaru
 35189 | Shoals:4 | Reached skill level 18 in Armour
 35196 | Shoals:4 | HP: 73/149 [poisoned by a merfolk impaler]
 35201 | Shoals:4 | HP: 68/149 [poisoned by a merfolk impaler]
 35206 | Shoals:4 | HP: 66/149 [poisoned by a merfolk impaler]
 35211 | Shoals:4 | HP: 64/149 [poisoned by a merfolk impaler]
 35216 | Shoals:4 | HP: 65/149 [poisoned by a merfolk impaler]
 35223 | Shoals:4 | HP: 67/149 [poisoned by a merfolk impaler]
 35230 | Shoals:4 | HP: 70/149 [poisoned by a merfolk impaler]
 35238 | Shoals:4 | HP: 74/149 [poisoned by a merfolk impaler]
 35314 | Shoals:4 | Reached XP level 19. HP: 123/155 MP: 26/26
 35438 | Shoals:4 | Identified the +0 leather armour of the Ditch-Digger {+Fly
                  | rElec rF- Dex+2}
 35687 | Shoals:3 | Identified the +0 shield of the Lily {rN+++ Int-4 Dex-5
                  | Stlth+} (Okawaru gifted it to you on level 3 of the Shoals)
 35752 | Snake:1  | Entered Level 1 of the Snake Pit
 35910 | Snake:1  | Noticed Kirke
 35918 | Snake:1  | Killed Kirke
 35918 | Snake:1  | Received a gift from Okawaru
 35920 | Snake:1  | Reached skill level 16 in Crossbows
 36196 | D:5      | Bought a scroll of brand weapon for 240 gold pieces
 36760 | Snake:1  | Reached skill level 15 in Shields
 36835 | Snake:1  | You are sucked into a shaft and drop 1 floor!
 37392 | Snake:1  | Received a gift from Okawaru
 37393 | Snake:1  | Identified the +3 chain mail of Ypeiso {MR+ Str+2} (Okawaru
                  | gifted it to you on level 1 of the Snake Pit)
 37446 | Snake:1  | Found Inucveh's Jewellery Shoppe.
 37446 | Snake:1  | Found Ixisk's Gadget Boutique.
 37447 | Snake:1  | Found Ireuzoet's Jewellery Shoppe.
 37955 | Snake:2  | Reached skill level 16 in Fighting
 39586 | Snake:4  | Entered Level 4 of the Snake Pit
 39978 | Snake:4  | Reached skill level 17 in Crossbows
 39996 | Snake:4  | Reached XP level 20. HP: 155/166 MP: 28/28
 40046 | Snake:4  | Received a gift from Okawaru
 40069 | Snake:4  | Reached skill level 11 in Invocations
 40495 | Snake:4  | Got a serpentine rune of Zot
 40648 | Snake:4  | Received a gift from Okawaru
 40809 | Snake:4  | Received a gift from Okawaru
 41179 | Elf:1    | Entered Level 1 of the Elven Halls
 41272 | Elf:1    | Received a gift from Okawaru
 41284 | Elf:1    | Got a pair of fine gloves {god gift}
 41285 | Elf:1    | Identified the -3 pair of gloves of Otreege {rN+ Dex+4}
                  | (Okawaru gifted it to you on level 1 of the Elven Halls)
 41776 | Elf:1    | Reached skill level 12 in Invocations
 41896 | Elf:1    | Noticed Louise
 41903 | Elf:1    | Killed Louise
 42098 | Elf:1    | HP: 79/167 [deep elf high priest/divine providence (13)]
 42101 | Elf:1    | Reached skill level 18 in Crossbows
 42503 | Elf:2    | Found a magical portal.
 42613 | WizLab   | Entered Wucad Mu's Monastery
 42680 | WizLab   | Found the +9 staff of Wucad Mu {channel}
 42682 | WizLab   | Reached XP level 21. HP: 173/173 MP: 9/30
 42777 | WizLab   | Reached skill level 17 in Fighting
 42777 | WizLab   | Reached XP level 22. HP: 182/182 MP: 31/31
 43031 | Elf:2    | Cast into level 4 of the Abyss (+2 scimitar of distortion)
 43098 | Abyss:4  | Found a sacrificial altar of Ru.
 43105 | Abyss:4  | Reached skill level 19 in Armour
 43124 | Abyss:4  | Noticed an ancient lich
 43135 | Abyss:4  | HP: 61/183 [lurking horror (48)]
 43137 | Abyss:4  | Killed an ancient lich
 43140 | Abyss:4  | HP: 47/183 [burnt (1)]
 43146 | Abyss:4  | HP: 46/183 [burnt (1)]
 43181 | Abyss:4  | HP: 57/183 [rakshasa/orb of energy (12)]
 43188 | Elf:2    | Escaped the Abyss
 43192 | Elf:3    | Entered Level 3 of the Elven Halls
 43198 | Elf:3    | HP: 66/183 [air elemental/tornado (2)]
 43482 | Elf:3    | Found Medah's Antique Weapon Shop.
 43505 | Elf:3    | Received a gift from Okawaru
 44111 | Elf:3    | Received a gift from Okawaru
 44116 | Elf:3    | Identified the +3 dagger "Irufet Zoa" {venom, rF+ Int+3}
                  | (Okawaru gifted it to you on level 3 of the Elven Halls)
 44442 | Elf:2    | Reached skill level 16 in Shields
 44883 | Elf:2    | Noticed Blork the orc
 44885 | Elf:2    | Killed Blork the orc
 44892 | Elf:2    | Found a deep blue altar of Sif Muna.
 44910 | Elf:2    | Found a runed translucent gate.
 44911 | Elf:2    | Found a runed translucent gate.
 44914 | Elf:2    | Found a runed translucent gate.
 45119 | Elf:2    | Reached skill level 18 in Fighting
 45299 | Elf:2    | Reached skill level 13 in Invocations
 45324 | Elf:2    | Received a gift from Okawaru
 45551 | Elf:3    | Received a gift from Okawaru
 45554 | Elf:3    | Received a gift from Okawaru
 45560 | Elf:3    | Reached skill level 19 in Crossbows
 45562 | Elf:3    | Reached XP level 23. HP: 185/190 MP: 27/32
 45571 | Elf:3    | Reached skill level 20 in Armour
 45652 | Elf:3    | Identified the +1 robe of Vampiric Thralls {Dex+3}
 45652 | Elf:3    | Identified the ring of Foism {rF- rCorr Str+5}
 45708 | Elf:3    | Identified Baigruru's Guide on Orientation
 45714 | Elf:3    | Identified Dispater's Volume of Companions
 46013 | Vaults:1 | Entered Level 1 of the Vaults
 46112 | Vaults:1 | HP: 96/192 [???[an ironheart preserver] (76)]
 46125 | Vaults:1 | Received a gift from Okawaru
 46274 | Vaults:1 | Reached skill level 17 in Shields
 46789 | Vaults:1 | Reached skill level 14 in Invocations
 47880 | Vaults:2 | Reached XP level 24. HP: 143/199 MP: 31/33
 48066 | Vaults:2 | Noticed Bai Suzhen
 48080 | Vaults:2 | Killed Bai Suzhen
 48080 | Vaults:2 | Received a gift from Okawaru
 48080 | Vaults:2 | Reached skill level 20 in Crossbows
 48080 | Vaults:2 | Reached skill level 21 in Armour
 48120 | Vaults:2 | Identified the +0 shield of Pleasant Breezes {rC+ MP+9}
                  | (Okawaru gifted it to you on level 2 of the Vaults)
 48162 | Vaults:2 | Reached skill level 18 in Shields
 49089 | Vaults:3 | Found Eromedwi's Armour Emporium.
 49097 | Vaults:3 | Bought a +4 plate armour of fire resistance for 850 gold
                  | pieces
 49130 | Vaults:3 | Reached skill level 19 in Fighting
 49296 | Vaults:3 | Found Ulerof's Gadget Shoppe.
 49680 | Vaults:3 | Found a staircase to the Crypt.
 49733 | Vaults:3 | You are sucked into a shaft and drop 1 floor!
 50295 | Vaults:4 | Found Sinoagen's Antique Weapon Shop.
 50619 | Vaults:4 | Noticed Xtahua
 50623 | Vaults:4 | Killed Xtahua
 50663 | Vaults:4 | Reached skill level 15 in Invocations
 50933 | Vaults:4 | Received a gift from Okawaru
 50938 | Vaults:4 | Reached skill level 19 in Shields
 51377 | Vaults:5 | Entered Level 5 of the Vaults
 51383 | Vaults:5 | Reached XP level 25. HP: 143/208 MP: 33/34
 51389 | Vaults:5 | Reached skill level 22 in Armour
 51389 | Vaults:5 | HP: 81/208 [deep elf high priest/damnation (25)]
 51390 | Vaults:5 | Received a gift from Okawaru
 51394 | Vaults:4 | HP: 76/208 [poisoned by a tengu reaver (bolt of poison)]
 51399 | Vaults:4 | HP: 77/208 [poisoned by a tengu reaver (bolt of poison)]
 51406 | Vaults:4 | HP: 80/208 [poisoned by a tengu reaver (bolt of poison)]
 51413 | Vaults:4 | HP: 84/208 [poisoned by a tengu reaver (bolt of poison)]
 51421 | Vaults:4 | HP: 89/208 [poisoned by a tengu reaver (bolt of poison)]
 51798 | Depths:1 | Entered Level 1 of the Depths
 51806 | Depths:1 | Reached skill level 2 in Dodging
 51810 | D:15     | Reached skill level 21 in Crossbows
 51845 | D:15     | Received a gift from Okawaru
 52010 | Depths:1 | Found a gateway to Hell.
 52140 | Depths:1 | Noticed Edwul's ghost (veteran GnWz)
 52278 | Depths:1 | Found a gateway to a ziggurat.
 52406 | Depths:1 | Reached skill level 3 in Dodging
 52465 | Depths:1 | Found a transporter.
 52505 | Depths:1 | Found a transporter.
 52865 | Depths:1 | Reached skill level 20 in Shields
 52909 | Depths:1 | Killed Edwul's ghost
 53045 | Depths:2 | Reached skill level 4 in Dodging
 53157 | Depths:2 | Found a one-way gate leading to the halls of Pandemonium.
 53158 | Depths:2 | Found the +8 arc blade {discharge, rElec}
 53263 | Depths:2 | Received a gift from Okawaru
 53459 | Depths:2 | Found a one-way gate to the infinite horrors of the Abyss.
 53503 | Depths:2 | Noticed Aizul
 53512 | Depths:2 | Killed Aizul
 53520 | Depths:2 | Received a gift from Okawaru
 53721 | Depths:2 | Noticed Sojobo
 53724 | Depths:2 | Reached skill level 20 in Fighting
 53724 | Depths:2 | Reached XP level 26. HP: 218/218 MP: 34/34
 53736 | Depths:2 | Reached skill level 5 in Dodging
 53760 | Depths:2 | HP: 84/218 [Sojobo/the air (35)]
 53766 | Depths:2 | HP: 79/218 [Sojobo/bolt of lightning (10)]
 54259 | Depths:2 | Killed Sojobo
 54259 | Depths:2 | Received a gift from Okawaru
 54591 | Depths:2 | Found a one-way gate leading to the halls of Pandemonium.
 54763 | Depths:3 | Got a fine tin ring
 55041 | Depths:3 | Reached skill level 21 in Shields
 55074 | Depths:3 | Reached skill level 22 in Crossbows
 55515 | Depths:3 | Noticed Margery
 55526 | Depths:3 | Killed Margery
 55781 | Depths:3 | Reached skill level 6 in Dodging
 55881 | Depths:3 | Got a pair of scorched boots
 56020 | Depths:3 | Learned a level 5 spell: Aura of Abjuration
 56059 | Depths:4 | Noticed Mennas
 56071 | Depths:4 | Killed Mennas
 56251 | Depths:4 | Identified the +4 pair of boots of the Pit {Int+5} (You
                  | found it on level 3 of the Depths)
 56252 | Depths:4 | Identified the ring "Ezu Rer" {*Drain rF+ rC+ MR+ Int+3
                  | Dex+8} (You found it on level 3 of the Depths)
 56416 | Depths:4 | Reached skill level 7 in Dodging
 56429 | Depths:4 | Received a gift from Okawaru
 56523 | Depths:4 | Received a gift from Okawaru
 56591 | Depths:4 | Reached XP level 27. HP: 226/226 MP: 34/34
 56631 | Depths:4 | Reached skill level 22 in Shields
 56704 | Depths:4 | Received a gift from Okawaru
 56914 | Depths:4 | Received a gift from Okawaru
 57130 | Depths:4 | Reached skill level 8 in Dodging
 57153 | Depths:4 | Reached skill level 23 in Crossbows
 57306 | Depths:4 | Received a gift from Okawaru
 57702 | Depths:5 | Entered Level 5 of the Depths
 57720 | Depths:5 | Reached skill level 21 in Fighting
 57925 | Depths:5 | Found an opulent altar of Gozag.
 57983 | Depths:5 | Found a gate to the Realm of Zot.
 58098 | Depths:5 | Reached skill level 9 in Dodging
 58237 | Depths:5 | HP: 113/228 [caustic shrike (6)]
 58248 | Depths:5 | HP: 103/228 [caustic shrike (12)]
 58262 | Depths:5 | HP: 65/228 [shot self (18)]
 58990 | Crypt:1  | Entered Level 1 of the Crypt
 59383 | Crypt:1  | Noticed Frederick
 59390 | Crypt:1  | Killed Frederick
 59604 | Crypt:1  | Received a gift from Okawaru
 59666 | Crypt:1  | Found an ancient bone altar of Kikubaaqudgha.
 59695 | Crypt:1  | HP: 73/228 [??? (57)]
 59712 | Crypt:1  | HP: 98/342 [shot self (30)]
 59765 | Crypt:1  | Reached skill level 24 in Crossbows
 59787 | Crypt:1  | Reached skill level 10 in Dodging
 59788 | Crypt:1  | HP: 112/228 [deep elf death mage/bolt of negative energy
                  | (16)]
 59793 | Crypt:1  | Reached skill level 23 in Shields
 60283 | Crypt:1  | Received a gift from Okawaru
 60403 | Crypt:1  | Found a basalt altar of Yredelemnul.
 60416 | Crypt:1  | HP: 111/228 [shot self (24)]
 60632 | Crypt:1  | Identified the Compendium of the Escort and Cold
 60767 | Vaults:4 | Bought a slimy arbalest for 247 gold pieces
 60767 | Vaults:4 | Identified the +2 arbalest of Joxteiki {penet, rC+ Int+4}
                  | (You bought it in a shop on level 4 of the Vaults)
 60893 | Crypt:2  | Received a gift from Okawaru
 61351 | Crypt:2  | Noticed an ancient lich
 61358 | Crypt:2  | Killed an ancient lich
 61358 | Crypt:2  | Reached skill level 1 in Hexes
 61363 | Crypt:2  | Reached skill level 1 in Spellcasting
 61366 | Crypt:2  | Reached skill level 1 in Translocations
 61650 | Crypt:3  | Entered Level 3 of the Crypt
 61706 | Crypt:3  | Reached skill level 2 in Hexes
 61746 | Crypt:3  | Reached skill level 2 in Spellcasting
 61792 | Crypt:3  | Reached skill level 2 in Translocations
 61792 | Crypt:3  | Received a gift from Okawaru
 61915 | Crypt:3  | Reached skill level 3 in Hexes
 62016 | Crypt:3  | Received a gift from Okawaru
 62086 | Crypt:3  | Reached skill level 3 in Spellcasting
 62127 | Crypt:3  | Received a gift from Okawaru
 62173 | Crypt:3  | Reached skill level 4 in Hexes
 62173 | Crypt:3  | Reached skill level 3 in Translocations
 62190 | Crypt:3  | Found a staircase to the Tomb.
 62435 | Crypt:3  | Found a basalt altar of Yredelemnul.
 62474 | Crypt:3  | Identified the Disquisition on Necromancy
 62653 | Crypt:3  | Learned a level 3 spell: Regeneration
 62725 | Crypt:3  | Noticed an ancient lich
 62736 | Crypt:3  | Killed an ancient lich
 63538 | Vaults:4 | You fall into a shaft and drop 1 floor!
 63543 | Vaults:5 | Reached skill level 1 in Charms
 63543 | Vaults:5 | Reached skill level 1 in Necromancy
 63573 | Vaults:5 | Reached skill level 4 in Spellcasting
 63601 | Vaults:5 | Reached skill level 5 in Hexes
 63623 | Vaults:5 | Reached skill level 2 in Charms
 63623 | Vaults:5 | Reached skill level 2 in Necromancy
 63683 | Vaults:5 | Reached skill level 25 in Crossbows
 63799 | Vaults:5 | Reached skill level 4 in Translocations
 63935 | Vaults:5 | Reached skill level 3 in Charms
 63967 | Vaults:5 | Reached skill level 3 in Necromancy
 63986 | Vaults:5 | Received a gift from Okawaru
 63987 | Vaults:5 | Identified the +5 chain mail "Bufuem" {rPois MR- Str-4
                  | Int+5} (Okawaru gifted it to you on level 5 of the Vaults)
 63996 | Vaults:5 | Reached skill level 6 in Hexes
 64013 | Vaults:5 | Reached skill level 5 in Spellcasting
 64210 | Vaults:5 | Reached skill level 4 in Charms
 64210 | Vaults:5 | Reached skill level 5 in Translocations
 64211 | Vaults:5 | Reached skill level 4 in Necromancy
 64252 | Vaults:5 | Reached skill level 7 in Hexes
 64262 | Vaults:5 | HP: 99/228 [???[a lich] (78)]
 64285 | Vaults:5 | HP: 108/228 [tentacled monstrosity (7)]
 64286 | Vaults:5 | Reached skill level 24 in Shields
 64286 | Vaults:5 | Reached skill level 6 in Spellcasting
 64301 | Vaults:5 | Identified the +2 robe of the Lute {rC- Dex+5}
 64523 | Vaults:5 | Reached skill level 5 in Charms
 64545 | Vaults:5 | Received a gift from Okawaru
 64545 | Vaults:5 | Reached skill level 5 in Necromancy
 64794 | Vaults:5 | Got a silver rune of Zot
 64855 | Vaults:5 | Received a gift from Okawaru
 64859 | Vaults:5 | Reached skill level 6 in Translocations
 64871 | Vaults:5 | Reached skill level 8 in Hexes
 64877 | Vaults:5 | Received a gift from Okawaru
 65183 | Vaults:5 | Found Beoghi's Magic Scroll Boutique.
 65185 | Vaults:5 | Found Touj's Distillery.
 65188 | Vaults:5 | Bought a scroll of enchant weapon for 127 gold pieces
 65188 | Vaults:5 | Bought a scroll of enchant armour for 127 gold pieces
 65188 | Vaults:5 | Bought a scroll of enchant armour for 127 gold pieces
 65188 | Vaults:5 | Bought a scroll of magic mapping for 59 gold pieces
 65188 | Vaults:5 | Bought a scroll of fear for 59 gold pieces
 65188 | Vaults:5 | Bought a scroll of fog for 34 gold pieces
 65191 | Vaults:5 | Found Riuk's Jewellery Shop.
 65195 | Vaults:5 | Bought a potion of heal wounds for 95 gold pieces
 65195 | Vaults:5 | Bought a potion of might for 76 gold pieces
 65202 | Vaults:5 | Found Ethihoofea's Gadget Emporium.
 65270 | Vaults:5 | Noticed an ancient lich
 65276 | Vaults:5 | Killed an ancient lich
 65400 | Vaults:5 | Identified the +2 plate armour of the Thinker {Regen+} (You
                  | found it on level 5 of the Vaults)
 65862 | Slime:1  | Entered Level 1 of the Pits of Slime
 66014 | Slime:1  | Reached skill level 7 in Spellcasting
 66057 | Slime:1  | Gained mutation: Scrolls take you a little longer to read.
                  | [a shining eye]
 66083 | Slime:1  | Reached skill level 6 in Charms
 66088 | Slime:1  | Reached skill level 6 in Necromancy
 66151 | Slime:2  | HP: 108/228 [large slime creature (11)]
 66160 | Slime:2  | HP: 81/228 [slime creature (1)]
 66282 | Slime:3  | Received a gift from Okawaru
 66453 | Slime:3  | HP: 88/228 [enormous slime creature (48)]
 66456 | Slime:3  | HP: 30/228 [large slime creature (21)]
 66461 | Slime:3  | HP: 53/228 [slime creature (3)]
 66465 | Slime:3  | Received a gift from Okawaru
 66466 | Slime:3  | HP: 61/228 [slime creature (8)]
 66476 | Slime:3  | HP: 58/228 [slime creature (14)]
 66830 | Slime:4  | Reached skill level 9 in Hexes
 66937 | Slime:5  | Entered Level 5 of the Pits of Slime
 66952 | Slime:5  | Reached skill level 7 in Translocations
 66986 | Slime:5  | Reached skill level 7 in Necromancy
 67042 | Slime:5  | Found a viscous altar of Jiyva.
 67043 | Slime:5  | Noticed the Royal Jelly
 67052 | Slime:5  | Killed the Royal Jelly
 67052 | Slime:5  | Reached skill level 8 in Spellcasting
 67052 | Slime:5  | Reached skill level 7 in Charms
 67064 | Slime:5  | Gained mutation: Your body sometimes deteriorates upon
                  | taking damage. [a shining eye]
 67154 | Slime:5  | Got a sparkling jade ring
 67156 | Slime:5  | Got a slimy rune of Zot
 67160 | Slime:5  | Identified the ring of Vanity {+Inv rN+ AC+3} (You found it
                  | on level 5 of the Pits of Slime)
 67212 | Slime:5  | Identified Ogro's Tome of Calling and Battle Magic
 67225 | Slime:5  | Identified the ring "Zuck" {Str+3 SInv} (You found it on
                  | level 5 of the Pits of Slime)
 67251 | Slime:5  | Identified the amulet of Istriut {Gourm Dex+5 Slay+3} (You
                  | found it on level 5 of the Pits of Slime)
 67856 | Zot:1    | Entered Level 1 of the Realm of Zot
 67878 | Zot:1    | Reached skill level 8 in Translocations
 67887 | Zot:1    | Reached skill level 8 in Charms
 67997 | Zot:1    | Reached skill level 1 in Air Magic
 68004 | Zot:1    | Reached skill level 9 in Spellcasting
 68065 | Zot:1    | Received a gift from Okawaru
 68065 | Zot:1    | Reached skill level 2 in Air Magic
 68784 | Zot:2    | Reached skill level 3 in Air Magic
 68903 | Zot:2    | Reached skill level 9 in Charms
 68929 | Zot:2    | Received a gift from Okawaru
 68942 | Zot:2    | Received a gift from Okawaru
 69115 | Zot:2    | Reached skill level 25 in Shields
 69181 | Zot:2    | Reached skill level 10 in Spellcasting
 69181 | Zot:2    | Reached skill level 4 in Air Magic
 69378 | Zot:2    | Reached skill level 26 in Crossbows
 69378 | Zot:2    | Reached skill level 5 in Air Magic
 70082 | Zot:3    | Reached skill level 10 in Charms
 70082 | Zot:3    | Reached skill level 6 in Air Magic
 70120 | Zot:3    | HP: 72/229 [??? (56)]
 70223 | Zot:3    | Received a gift from Okawaru
 70332 | Zot:3    | Identified the +0 shield of Muttered Phrases {MR- Int+3
                  | Dex+9 Slay+3} (Okawaru gifted it to you on level 3 of the
                  | Realm of Zot)
 71213 | Zot:4    | HP: 114/229 [green draconian monk (9)]
 71218 | Zot:4    | HP: 96/229 [poisoned by a green draconian monk]
 71223 | Zot:4    | HP: 86/229 [poisoned by a green draconian monk]
 71228 | Zot:4    | HP: 84/229 [poisoned by a green draconian monk]
 71233 | Zot:4    | HP: 86/229 [poisoned by a green draconian monk]
 71238 | Zot:4    | HP: 78/229 [poisoned by a green draconian monk]
 71243 | Zot:4    | HP: 83/229 [poisoned by a green draconian monk]
 71248 | Zot:4    | HP: 90/229 [poisoned by a green draconian monk]
 71253 | Zot:4    | HP: 95/229 [poisoned by a green draconian monk]
 71260 | Zot:4    | HP: 99/229 [poisoned by a green draconian monk]
 71268 | Zot:4    | HP: 104/229 [poisoned by a green draconian monk]
 71332 | Zot:4    | Reached skill level 7 in Air Magic
 72004 | Zot:5    | Entered Level 5 of the Realm of Zot
 72160 | Zot:5    | Reached skill level 11 in Spellcasting
 72503 | Zot:5    | Reached skill level 8 in Air Magic
 72763 | Depths:4 | Voluntarily entered the Abyss.
 72985 | Abyss:1  | Reached skill level 11 in Dodging
 73029 | Abyss:1  | Received a gift from Okawaru
 73227 | Abyss:2  | Reached skill level 11 in Charms
 73268 | Abyss:2  | Found a corrupted altar of Lugonu.
 73719 | Abyss:2  | Found a corrupted altar of Lugonu.
 73933 | Abyss:3  | Reached skill level 22 in Fighting
 74004 | Abyss:3  | Reached skill level 9 in Air Magic
 74233 | Abyss:3  | Received a gift from Okawaru
 74541 | Abyss:4  | Received a gift from Okawaru
 74625 | Abyss:4  | Noticed an ancient lich
 74639 | Abyss:4  | Killed an ancient lich
 74639 | Abyss:4  | Received a gift from Okawaru
 74743 | Abyss:4  | Gained mutation: You are frail. (-10% HP) [a neqoxec]
 74744 | Abyss:4  | Received a gift from Okawaru
 74748 | Abyss:4  | Reached skill level 12 in Spellcasting
 74760 | Abyss:4  | Reached skill level 10 in Air Magic
 74812 | Abyss:5  | Entered Level 5 of the Abyss
 74812 | Abyss:5  | Entered Level 5 of the Abyss
 74814 | Abyss:5  | Found a corrupted altar of Lugonu.
 74963 | Abyss:5  | Reached skill level 12 in Charms
 75194 | Abyss:5  | Gained mutation: Your spells are a little easier to cast,
                  | but a little less powerful. [a cacodemon]
 75271 | Abyss:5  | Found a corrupted altar of Lugonu.
 75352 | Abyss:5  | Received a gift from Okawaru
 75661 | Abyss:5  | HP: 82/209 [lurking horror (64)]
 75711 | Abyss:5  | Gained mutation: Armour fits poorly on your strangely
                  | shaped body. [a neqoxec]
 75714 | Abyss:5  | HP: 104/209 [hellephant/blast of flame (13)]
 75725 | Abyss:5  | Found a corrupted altar of Lugonu.
 75730 | Abyss:5  | Got an abyssal rune of Zot
 75733 | Abyss:5  | HP: 97/209 [smoke demon/divine providence (12)]
 75748 | Abyss:5  | HP: 82/209 [smoke demon/divine providence (15)]
 75750 | Abyss:5  | Received a gift from Okawaru
 75762 | Abyss:5  | HP: 81/209 [smoke demon/ball of steam (4)]
 75765 | Abyss:5  | Reached skill level 13 in Spellcasting
 75768 | Abyss:5  | HP: 85/209 [purple very ugly thing (1)]
 75776 | Abyss:5  | Received a gift from Okawaru
 75776 | Abyss:5  | Reached skill level 11 in Air Magic
 75826 | Abyss:5  | Reached skill level 13 in Charms
 75832 | Depths:4 | Escaped the Abyss
 76180 | Orc:2    | Bought 2 scrolls of acquirement for 1248 gold pieces
 76180 | Orc:2    | Bought a scroll of acquirement for 624 gold pieces
 76180 | Orc:2    | Bought a scroll of identify for 24 gold pieces
 76180 | Orc:2    | Bought a scroll of identify for 24 gold pieces
 76630 | Vaults:2 | Noticed Boris
 76636 | Vaults:2 | Killed Boris
 77668 | Vaults:5 | Identified the cursed +1 short sword of True Grit {drain,
                  | +Fly MR+ Dex+3}
 77693 | Vaults:5 | Bought a scroll of identify for 34 gold pieces
 77693 | Vaults:5 | Bought a scroll of identify for 34 gold pieces
 77693 | Vaults:5 | Bought a scroll of identify for 34 gold pieces
 77693 | Vaults:5 | Bought a scroll of identify for 34 gold pieces
 78041 | Zig:1    | Entered Level 1 of a ziggurat
 78066 | Zig:2    | Entered Level 2 of a ziggurat
 78157 | Zig:3    | Entered Level 3 of a ziggurat
 78298 | Zig:4    | Entered Level 4 of a ziggurat
 78361 | Zig:5    | Entered Level 5 of a ziggurat
 78417 | Zig:5    | Reached skill level 23 in Fighting
 78423 | Zig:6    | Entered Level 6 of a ziggurat
 78489 | Zig:7    | Entered Level 7 of a ziggurat
 78691 | Zig:8    | Entered Level 8 of a ziggurat
 78704 | Zig:8    | Received a gift from Okawaru
 78717 | Zig:8    | Reached skill level 14 in Spellcasting
 78904 | Zig:9    | Entered Level 9 of a ziggurat
 78950 | Zig:9    | Reached skill level 14 in Charms
 78954 | Zig:9    | Reached skill level 12 in Air Magic
 79041 | Zig:10   | Entered Level 10 of a ziggurat
 79065 | Zig:10   | Noticed Sotrupau the pandemonium lord
 79065 | Zig:10   | HP: 102/211 [??? (53)]
 79070 | Zig:10   | HP: 71/211 [poisoned by a green death (bolt of poison)]
 79074 | Zig:10   | HP: 35/211 [monstrous blood saint (8)]
 79080 | Zig:10   | Killed Sotrupau the pandemonium lord
 79080 | Zig:10   | HP: 28/211 [poisoned by a green death (bolt of poison)]
 79085 | Zig:10   | HP: 26/211 [monstrous blood saint (2)]
 79089 | Zig:10   | Demolished by a lorocyproca

Vanquished Creatures
  the Royal Jelly (Slime:5)
  Mennas (Depths:4)
  5 ancient liches
  The ghost of Edwul the Luminary of Lethal Lore, a veteran GnWz of Vehumet (Depths:1)
  Sojobo (Depths:2)
  A pandemonium lord (Zig:10)
  Bai Suzhen (Vaults:2)
  Boris (Vaults:2)
  2 curse toes
  Frederick (Crypt:1)
  Margery (Depths:3)
  Xtahua (Vaults:4)
  6 caustic shrikes
  9 golden dragons
  7 bone dragons
  2 profane servitors
  A Tzitzimitl (Zig:10)
  16 tentacled monstrosities
  An electric golem (Zot:5)
  4 liches
  Jorgrun (D:15)
  2 titans
  4 Orb Guardians (Zot:5)
  2 deep elf master archers (Elf:3)
  3 deep elf blademasters
  3 quicksilver dragons
  An Executioner (Abyss:5)
  2 krakens
  4 sphinxes
  3 ancient champions (Crypt:1)
  6 death cobs
  9 tentacled starspawn
  24 acid blobs
  13 tengu reavers
  6 nagarajas
  17 storm dragons
  3 draconian monks
  Kirke (Snake:1)
  9 shadow dragons
  3 revenants
  A blood saint (Zig:10)
  15 frost giants
  8 deep elf sorcerers
  16 fire giants
  3 balrugs
  13 azure jellies
  A juggernaut zombie (Depths:4)
  7 draconian scorchers
  5 iron dragons
  15 vault wardens
  8 draconian shifters
  Louise (Elf:1)
  4 draconian knights
  8 deep elf elementalists
  2 cacodemons (Abyss:5)
  A spectral caustic shrike (Depths:1)
  An orc warlord (Zig:6)
  Aizul (Depths:2)
  2 angels
  2 curse skulls
  12 ghouls
  16 ironheart preservers
  5 war gargoyles
  3 spriggan defenders (Depths:4)
  An entropy weaver (shapeshifter) (Depths:1)
  2 draconian stormcallers
  21 very ugly things
  21 stone giants
  8 draconian annihilators
  2 entropy weavers (Vaults:5)
  11 green draconians
  A lorocyproca (Abyss:4)
  10 vampire knights
  7 deep elf annihilators
  13 deep elf demonologists
  33 small abominations
  13 white draconians
  7 dire elephants
  10 purple draconians
  8 black draconians
  13 yellow draconians
  6 spark wasps
  A minotaur (shapeshifter) (Vaults:5)
  10 red draconians
  A mummy priest (Zig:2)
  5 merfolk javelineers (Shoals:4)
  5 eidola
  17 ettins
  A green death (Abyss:4)
  9 merfolk impalers
  5 crystal guardians
  3 quicksilver dragon zombies
  A blizzard demon (Abyss:2)
  7 death oozes
  13 fire dragons
  10 deep elf death magi
  8 deep elf high priests
  9 jiangshi
  A caustic shrike simulacrum (Depths:1)
  9 yaktaur captains
  2 quicksilver dragon skeletons (Crypt:3)
  An ice dragon (shapeshifter) (Depths:2)
  16 great orbs of eyes
  5 hydras
  A catoblepas (Zig:7)
  30 vault guards
  11 naga warriors
  8 rakshasas
  6 spriggan air magi
  10 centaur warriors
  4 merfolk avatars (Shoals:4)
  12 ice dragons
  A juggernaut simulacrum (Depths:1)
  18 anacondas
  A two-headed ogre (shapeshifter) (Depths:4)
  An alligator (Lair:6)
  2 merfolk aquamancers (Shoals:4)
  3 hell hogs (Abyss:5)
  19 ogre magi
  6 death knights
  51 two-headed ogres
  10 death yaks
  6 alligator snapping turtles
  9 deep troll earth magi
  29 dancing weapons
  5 tengu warriors
  10 deep troll shamans
  A death scarab (Zig:2)
  10 vampire magi
  3 spriggan berserkers
  A titan zombie (Zig:5)
  17 thrashing horrors
  4 orc high priests
  10 shock serpents
  7 naga sharpshooters
  A shock serpent (shapeshifter) (Vaults:5)
  12 wretched stars
  7 sun demons
  Urug (D:10)
  27 deep elf knights
  A storm dragon zombie (Vaults:3)
  3 soul eaters
  19 hell knights
  8 spatial maelstroms
  112 slime creatures
  5 sixfirhies
  3 shadow wraiths
  4 salamander mystics (Snake:4)
  A death drake (Abyss:4)
  31 skeletal warriors
  A golden dragon zombie (Crypt:1)
  An entropy weaver zombie (Crypt:1)
  5 unseen horrors
  25 deep trolls
  9 sea snakes
  2 glowing orange brains (shapeshifter)
  8 glowing orange brains
  3 shadow demons
  2 orange crystal statues
  2 flayed ghosts (Crypt:1)
  4 lindwurms (Snake:4)
  6 wizards
  44 large abominations
  67 starcursed masses
  A lindwurm (shapeshifter) (D:15)
  10 naga ritualists
  18 necromancers
  32 harpies
  20 orc knights
  13 phantasmal warriors
  14 ironbrand convokers
  A harpy (shapeshifter) (Vaults:5)
  59 deep elf magi
  13 deep elf archers
  2 anaconda skeletons
  A tengu zombie (Vaults:3)
  4 wolf spider zombies
  14 fauns
  8 orc sorcerers
  2 cyclopes (shapeshifter)
  8 salamanders
  2 wolf spiders
  2 frost giant zombies (Zig:5)
  6 shining eyes
  12 mana vipers
  A stone giant zombie (Crypt:3)
  A shadow dragon skeleton (Crypt:3)
  18 manticores
  33 ugly things
  5 worldbinders
  14 moths of wrath
  12 cyclopes
  A moth of wrath (shapeshifter) (Vaults:5)
  57 black mambas
  12 vault sentinels
  A black mamba (shapeshifter) (Depths:4)
  A dire elephant zombie (Crypt:1)
  16 merfolk sirens
  4 eyes of devastation
  8 guardian serpents
  25 elephants
  5 apocalypse crabs
  5 orange demons
  2 human skeletons
  A storm dragon simulacrum (Vaults:2)
  2 gargoyles (D:15)
  24 naga magi
  6 water nymphs
  6 torpor snails
  14 smoke demons
  A rime drake (shapeshifter) (Vaults:1)
  13 spiny frogs
  A yaktaur (shapeshifter) (Vaults:4)
  A spiny frog (shapeshifter) (Vaults:3)
  A swamp worm zombie (Crypt:1)
  8 efreet
  3 rime drakes
  A black draconian skeleton (Crypt:2)
  3 komodo dragons (shapeshifter)
  13 freezing wraiths
  An elf zombie (Depths:4)
  10 hellwings
  5 komodo dragons
  16 yaktaurs
  A guardian mummy (Zig:2)
  5 ice devils
  A yaktaur skeleton (Vaults:3)
  16 ancient zymes
  4 tengu conjurers
  2 red devils (Depths:1)
  21 merfolk
  15 polar bears
  8 trolls
  3 bog bodies
  4 wind drakes
  Grinder (D:3)
  7 hornets
  A fire giant simulacrum (Crypt:1)
  3 snapping turtles
  A hornet (shapeshifter) (Depths:1)
  15 blink frogs
  11 hippogriffs
  36 raiju
  9 dream sheep
  An ettin zombie (Crypt:3)
  A fire dragon zombie (Crypt:3)
  4 redbacks (Vaults:5)
  2 ettin skeletons
  10 water elementals
  11 ynoxinuls
  3 air elementals
  A fire dragon skeleton (Crypt:2)
  37 flying skulls
  A tarantella (Vaults:5)
  2 shadows
  2 tarantellas (shapeshifter)
  9 spriggans
  12 wraiths
  An ice dragon skeleton (Crypt:3)
  2 vampires
  4 basilisks
  50 yaks
  2 black mamba skeletons
  A fire bat (shapeshifter) (Vaults:5)
  3 fire elementals (Elf:3)
  A human (shapeshifter) (Depths:2)
  6 wyverns
  4 hogs (Snake:1)
  A fire bat (Abyss:2)
  20 golden eyes
  11 chaos spawn
  5 neqoxecs
  4 hungry ghosts
  A wind drake skeleton (Crypt:2)
  4 wargs
  34 nagas
  32 spatial vortices
  A faun zombie (Crypt:1)
  A monstrous demonspawn zombie (Crypt:3)
  A soldier ant (D:13)
  3 acid dragons
  A spiny frog zombie (Crypt:3)
  25 water moccasins
  3 hell hounds (Depths:1)
  5 porcupines
  A floating eye (Depths:4)
  A floating eye (shapeshifter) (Zig:3)
  2 human zombies
  45 orc warriors
  5 sky beasts
  A water nymph skeleton (Crypt:1)
  7 eyes of draining
  2 snapping turtle zombies
  A hornet zombie (D:15)
  An eye of draining (shapeshifter) (Vaults:4)
  3 ice beasts
  4 necrophages
  A sky beast (shapeshifter) (D:12)
  An ettin simulacrum (Abyss:5)
  A tengu (shapeshifter) (Vaults:4)
  43 ogres
  3 phantoms
  A spiny frog skeleton (Crypt:3)
  A boggart (shapeshifter) (Abyss:5)
  32 wolves
  2 boggarts (Depths:4)
  16 centaurs
  2 snapping turtle skeletons
  16 crocodiles
  A big kobold (D:12)
  21 bullfrogs
  2 gnoll sergeants (D:7)
  Blork the orc (Elf:2)
  6 earth elementals
  4 scorpions
  A troll zombie (Crypt:2)
  3 killer bees (D:8)
  3 vampire bats (Lair:1)
  An elf simulacrum (Vaults:2)
  5 wights
  A howler monkey (D:4)
  13 crimson imps
  3 centaur zombies
  A bullfrog zombie (D:13)
  9 hounds
  Crazy Yiuf (D:5)
  26 orc priests
  2 quasits
  10 jellies
  3 bullfrog skeletons
  2 centaur skeletons
  3 iron imps
  11 iguanas
  34 orc wizards
  6 hell rats (Lair:2)
  11 worker ants
  A dwarf skeleton (Crypt:2)
  A hound zombie (D:8)
  A mummy (Zig:2)
  2 worker ant zombies
  A howler monkey skeleton (D:5)
  24 gnolls
  17 adders
  3 shadow imps
  5 white imps
  An ufetubus (Abyss:1)
  5 oozes (Lair:5)
  An adder skeleton (D:4)
  A worm (shapeshifter) (Abyss:5)
  3 worms (D:3)
  A barachi zombie (Crypt:2)
  3 dart slugs
  11 leopard geckos
  118 orcs
  5 giant cockroaches
  6 goblins
  6 hobgoblins
  9 jackals
  6 quokkas
  3 ball pythons
  A ball python zombie (Crypt:2)
  10 bats
  4 frilled lizards
  13 kobolds
  A leopard gecko skeleton (D:6)
  A leopard gecko zombie (D:6)
  An orc skeleton (Abyss:5)
  A quokka zombie (Crypt:2)
  7 rats
  A rat zombie (Crypt:2)
  2 river rat skeletons (Crypt:1)
  3 crawling corpses (Vaults:5)
  A fungus (Lair:6)
  3 lurking horrors
  11 plants
  2 starspawn tentacles
  4 tentacles
3130 creatures vanquished.

Vanquished Creatures (others)
  A tentacled starspawn (Abyss:5)
  A draconian knight (Zot:1)
  6 stone giants
  A starcursed mass (Abyss:5)
  5 yaktaur captains
  A centaur warrior (Depths:1)
  A tengu warrior (Depths:3)
  A deep elf knight (Elf:2)
  2 shadow wraiths
  2 deep elf archers
  A deep elf mage (Elf:3)
  A cyclops (D:15)
  A black mamba (Snake:4)
  A large abomination (Abyss:5)
  3 yaktaurs
  A polar bear (IceCv)
  2 raiju (Abyss:5)
  A blink frog (Abyss:5)
  A water elemental (D:15)
  A chaos spawn (Abyss:5)
  A human (Snake:1)
  An orc warrior (Zig:6)
  A centaur (Vaults:2)
  5 small abominations
  An electric eel (D:15)
  2 orc wizards
  A bush (Lair:6)
  13 fungi
  A lurking horror (Abyss:5)
  34 plants
  14 starspawn tentacles
  7 tentacles
115 creatures vanquished.

Grand Total: 3245 creatures vanquished

Table legend:
 A = Turns spent in this place as a percentage of turns spent in the entire game.
 B = Non-inter-level travel turns spent in this place as a percentage of non-inter-level travel turns spent in the entire game.
 C = Inter-level travel turns spent in this place as a percentage of turns spent in this place.
 D = Turns resting spent in this place as a percentage of non-inter-level travel turns spent in this place.
 E = Turns spent auto-exploring this place as a percentage of non-inter-level travel turns spent in this place.
 F = Non-inter-level travel turns spent in this place divided by the number of levels of this place that you've seen.
                   A       B       C       D       E      F
               +-------+-------+-------+-------+-------+----------------------
         Total | 100.0 | 100.0 |   9.9 |  15.8 |  60.0 | 938.1
       Dungeon |  26.2 |  24.9 |  14.4 |  23.7 |  55.9 | 1183.7
        Temple |   0.5 |   0.5 |   3.3 |  54.7 |  24.1 | 349.0
          Lair |  12.4 |  12.7 |   7.6 |  10.6 |  59.5 | 1506.2
        Shoals |   6.1 |   6.4 |   6.4 |  25.4 |  61.0 | 1134.8
     Snake Pit |   5.8 |   6.1 |   4.3 |  11.2 |  71.1 | 1088.8
    Slime Pits |   1.9 |   2.0 |   2.8 |  35.7 |   8.5 | 290.8
  Orcish Mines |   2.0 |   1.9 |  10.9 |   5.1 |  74.9 | 693.0
   Elven Halls |   5.7 |   5.6 |  10.5 |  12.7 |  68.2 | 1342.0
        Vaults |  12.6 |  11.8 |  15.6 |  10.8 |  69.2 | 1681.0
         Crypt |   4.4 |   4.6 |   3.9 |  11.7 |  62.9 | 1104.7
        Depths |   9.6 |   9.3 |  12.1 |  10.2 |  67.5 | 1330.2
           Zot |   6.1 |   6.5 |   5.3 |  12.4 |  71.5 | 921.0
         Abyss |   4.1 |   4.5 |   0.0 |   0.6 |  38.0 | 537.7
      Ziggurat |   1.3 |   1.5 |   0.0 |  39.2 |  29.1 | 104.8
      Ice Cave |   1.1 |   1.2 |   0.0 |  22.3 |  30.0 | 831.0
        Wizlab |   0.4 |   0.4 |   0.0 |  14.6 |  41.7 | 314.0
               +-------+-------+-------+-------+-------+----------------------
